 Dungeon Crawl Stone Soup version 0.25-a0-927-g39f137c8b7 (webtiles) character file.

Game seed: 13329181260157239378, levelgen mode: deterministic

195 Maedhros the Insei (level 5, -3/33 HPs)
             Began as an Octopode Artificer on May 3, 2020.
             Slain by a worm (9 damage)
             ... on level 3 of the Dungeon.
             The game lasted 00:02:46 (1267 turns).

Maedhros the Insei (Octopode Artificer)             Turns: 1267, Time: 00:02:47

Health: -3/33      AC:  1    Str: 12    XL:     5   Next: 74%
Magic:  16/16      EV: 15    Int: 13    God:
Gold:   52         SH:  0    Dex: 13    Spells: 4/4 levels left

rFire    . . .     SeeInvis +     - Unarmed
rCold    . . .     Gourm    .   (no shield)
rNeg     . . .     Faith    .   (helmet restricted)
rPois    .         Spirit   .   (no amulet)
rElec    .         Reflect  .   i - +2 ring of evasion
rCorr    .         Harm     .   o - ring of see invisible
MR       .....                  s - ring of magical power
Stlth    ++++......             (no ring)
HPRegen  0.11/turn              (no ring)
MPRegen  0.15/turn              (no ring)
                                (no ring)
                                (no ring)

@: mighty
A: almost no armour, stealthy swim, amphibious, 8 rings, constrict 8, camouflage
1, gelatinous body 1
a: no special abilities


You were on level 3 of the Dungeon.
You were very hungry.

You visited 1 branch of the dungeon, and saw 4 of its levels.

You collected 52 gold pieces.

Inventory:

Hand Weapons
 l - a +0 dagger of venom
Jewellery
 i - a +2 ring of evasion (left tentacle)
 o - a ring of see invisible (right tentacle)
 s - a ring of magical power (on tentacle)
Wands
 b - a wand of flame (15)
 c - a wand of enslavement (15)
 d - a wand of random effects (15)
Scrolls
 e - a scroll of fog {unknown}
 h - a scroll of enchant weapon {unknown}
 j - 2 scrolls of magic mapping {unknown}
 k - 5 scrolls of identify {unknown}
 m - 2 scrolls of remove curse {unknown}
 p - a scroll of random uselessness {unknown}
 t - a scroll of enchant armour {unknown}
Potions
 g - a potion of might
 q - 2 potions of curing
 r - a potion of stabbing {unknown}
Comestibles
 f - 8 rations


   Skills:
 - Level 1.0 Fighting
 - Level 1.0 Short Blades
 - Level 2.0 Dodging
 - Level 4.0 Stealth
 + Level 4.5 Unarmed Combat
 - Level 3.2 Evocations


You had 4 spell levels left.
You didn't know any spells.
Your spell library was empty.

Dungeon Overview and Level Annotations

Branches:
Dungeon (4/15)
 Temple: D:4-7

Altars:
Trog


Innate Abilities, Weirdness & Mutations

You cannot wear most types of armour.
You are very stealthy in the water. (Stealth+)
You are amphibious.
You can wear up to eight rings at the same time.
You can use your tentacles to constrict eight enemies at once.
Your skin changes colour to match your surroundings (Stealth+).
Your rubbery body absorbs attacks. (AC +1, EV +1)


Message History

* * * LOW HITPOINT WARNING * * *
You barely miss the rat. Your grab misses the rat. The rat misses you.
You bludgeon the rat!
You kill the rat!
You hear the rapid rusting of a drain.
An adder comes into view.
A worm comes into view.
You barely miss the worm. You grab the worm. You constrict the worm.
The worm misses you.
You bludgeon the worm!
The worm is almost dead.
You constrict the worm.
The adder hisses angrily.
The adder completely misses you.
You hear an angry hiss.
You bludgeon the adder!
You kill the adder!
You constrict the worm, but do no damage.
The worm bites you!
You die...

#.##############...##
#..........)†......%.
#############≈≈....#
#††≈...# ###≈#....#
≈≈#≈≈≈...#
#####≈#≈#≈...#
#≈†≈≈≈#≈≈≈≈..#
#≈≈≈≈#@#≈#≈#≈$.?# ###
#w#≈#≈#≈...# ≈≈#≈≈≈#
...# ######## ..## ##


You could see a worm.

Vanquished Creatures
  A scorpion (D:4)
  Natasha (D:3)
  A river rat (D:3)
  5 adders (D:3)
  A shadow imp (D:3)
  An adder skeleton (D:4)
  A worm (D:3)
  A dart slug (D:1)
  A leopard gecko (D:3)
  4 orcs (D:3)
  A ball python (D:1)
  3 giant cockroaches
  8 goblins
  2 hobgoblins (D:1)
  2 jackals (D:4)
  4 bats
  3 frilled lizards (D:1)
  5 kobolds
  10 rats
55 creatures vanquished.

Notes
Turn   | Place    | Note
-------+----------+-------------------------------------------
     0 | D:1      | Maedhros the Octopode Artificer began the quest for the
                  | Orb.
     0 | D:1      | Reached XP level 1. HP: 13/13 MP: 3/3
    54 | D:1      | Reached XP level 2. HP: 18/18 MP: 4/4
   278 | D:1      | Reached XP level 3. HP: 7/23 MP: 5/5
   568 | D:3      | Reached skill level 1 in Unarmed Combat
   871 | D:3      | Found a bloodstained altar of Trog.
   920 | D:3      | Noticed Natasha
   930 | D:3      | Killed Natasha
   930 | D:3      | Reached XP level 4. HP: 16/28 MP: 6/6
   984 | D:3      | You fall into a shaft and drop 1 floor!
  1125 | D:4      | Reached XP level 5. HP: 33/33 MP: 7/7
  1267 | D:3      | Slain by a worm

Levels and vault maps discovered:
D:1:      dpeg_arrival_long_road, layout_basic, hangedman_feature_mirror,
          minmay_pentomino_p4
D:2:      layout_loops_cross, lemuel_round_altar
D:3:      layout_basic, lightli_temple_of_fire, first_ration,
          lightli_sewer_entry_pipes, uniq_natasha
D:4:      layout_loops_ring, gammafunk_ghost_split, corexii_shack,
          minmay_misc_feat_cross

Skill      XL: |  1  2  3  4  5 |
---------------+----------------+-----
Stealth        | 3 4 |  4.0
Unarmed Combat | 2 3 4 |  4.5
Fighting       | |  1.0
Short Blades   | |  1.0
Dodging        | |  2.0
Evocations     | |  3.2

Action                   |  1- 3 |  4- 6 || total
-------------------------+-------+-------++-------
Melee: Short sword       |    32 |       ||    32
       Constrict         |    21 |    10 ||    31
       Tentacles         |    14 |     4 ||    18
       Dagger            |    34 |    28 ||    62
       Unarmed           |       |    12 ||    12
  Use: Potion            |       |     3 ||     3
 Stab: Sleeping          |     8 |     3 ||    11
Armor: Skin              |     9 |     1 ||    10
Dodge: Dodged            |    39 |    22 ||    61

Table legend:
 A = Non-vault XP
 B = Vault XP
 C = Vault XP percentage of total XP
 D = Non-vault monster count
 E = Vault monster count
 F = Vault count percentage of total count
                 A         B        C        D         E       F
            +---------+---------+-------+---------+---------+-------
      Total |     146 |     133 |  47.7 |      37 |      18 |  32.7
            +---------+---------+-------+---------+---------+-------
        D:1 |      28 |      10 |  26.3 |      18 |       7 |  28.0
        D:3 |      39 |     123 |  75.9 |      15 |      11 |  42.3
        D:4 |      79 |       0 |   0.0 |       4 |       0 |   0.0
            +---------+---------+-------+---------+---------+-------
